 Dungeon Crawl Stone Soup version 0.32-a0-42-ga30500b4d3 (webtiles) character file.

Game seed: 8312736047774226142

191345 seren the Markskobold (level 18, -4/119 HPs)
             Began as a Kobold Hunter on Feb 3, 2024.
             Was a High Priest of Fedhas.
             Slain by a jumping spider (14 damage)
             ... on level 3 of the Spider Nest.
             The game lasted 03:17:42 (41520 turns).

seren the Markskobold (Kobold Hunter)              Turns: 41520, Time: 03:17:43

Health: -4/119     AC: 16    Str: 13    XL:     18   Next: 87%
Magic:  21/28      EV: 31    Int: 10    God:    Fedhas [*****.]
Gold:   1231       SH:  0    Dex: 22    Spells: 17/21 levels left

rFire   . . .        h - +0 arbalest (heavy)
rCold   . . .        (shield currently unavailable)
rNeg    . . .        j - +3 leather armour of the Demon Prince {rPois Str+3 Int-3}
rPois   +            d - +0 helmet
rElec   +            X - +1 cloak
rCorr   .            (no gloves)
SInv    .            w - +0 pair of boots
Will    +....        G - amulet of regeneration
Stlth   ++++++       y - +5 ring of evasion
HPRegen 1.19/turn    P - ring "Diunith" {rElec AC+4}
MPRegen 0.21/turn

%: no passive effects
@: studying Fire Magic
A: small, no large weapons, nightstalker 3
}: 1/15 runes: barnacled
a: Renounce Religion, Wall of Briars, Grow Ballistomycete, Overgrow, Grow Oklob


You were on level 3 of the Spider Nest.
You worshipped Fedhas.
Fedhas was extremely pleased with you.
You visited 6 branches of the dungeon, and saw 30 of its levels.
You also visited: Gauntlet.

You collected 2861 gold pieces.
You spent 1630 gold pieces at shops.

Inventory:

Hand Weapons
 a - a +6 shortbow of freezing
 b - the +11 dagger "Leviticus" {elec, Str+6 Int+3}
   (You found it on level 14 of the Dungeon)

   Str+6:     It affects your strength (+6).
   Int+3:     It affects your intelligence (+3).
 g - a +2 dagger of venom
 h - a +0 heavy arbalest (weapon)
 H - a +0 dagger of holy wrath
 Q - a +0 rapier of venom
Missiles
 e - 6 poisoned darts
 u - 13 throwing nets {!f}
 B - 13 darts of dispersal
 K - 3 curare-tipped darts
 V - 2 atropa-tipped darts
Armour
 d - a +0 helmet (worn)
 j - the +3 leather armour of the Demon Prince (worn) {rPois Str+3 Int-3}
   (You bought it in a shop on level 2 of the Orcish Mines)

   Str+3:     It affects your strength (+3).
   Int-3:     It affects your intelligence (-3).
   rPois:     It protects you from poison
 t - the +3 scale mail "Emucros" {rN+ Will+ SInv}
   (You bought it in a shop on level 4 of the Shoals)

   rN+:       It protects you from negative energy.
   Will+:     It increases your willpower.
   SInv:      It lets you see invisible.
 w - a +0 pair of boots (worn)
 C - a +1 robe of willpower
 J - +0 acid dragon scales
 U - the +4 ring mail "Jyfoom" {Dex+4}
   (You bought it in a shop on level 4 of the Shoals)

   Dex+4:     It affects your dexterity (+4).
 X - a +1 cloak (worn)
Jewellery
 f - the ring of Rang {rN+ Int+6}
   (You found it on level 4 of the Shoals)

   [ring of intelligence]

   Int+6:     It affects your intelligence (+6).
   rN+:       It protects you from negative energy.
 o - a ring of protection from cold
 y - a +5 ring of evasion (left hand)
 A - a ring of willpower
 G - an amulet of regeneration (around neck)
 P - the ring "Diunith" (right hand) {rElec AC+4}
   (You acquired it on level 2 of the Shoals)

   [ring of protection]

   AC+4:      It affects your AC (+4).
   rElec:     It insulates you from electricity.
 T - a ring of see invisible
Wands
 c - a wand of paralysis (30)
 n - a wand of light (9)
 x - a wand of digging (9)
 E - a wand of polymorph (31)
 N - a wand of roots (10)
 W - a wand of mindburst (14)
Scrolls
 k - 5 scrolls of poison
 v - 5 scrolls of identify
 D - 2 scrolls of enchant weapon
 I - a scroll of fog
 L - 5 scrolls of revelation
 R - a scroll of immolation
 Y - a scroll of teleportation {!r}
 Z - 2 scrolls of vulnerability
Potions
 i - 3 potions of lignification
 l - 2 potions of cancellation
 m - 3 potions of attraction
 p - 2 potions of might
 r - 4 potions of brilliance
 z - a potion of enlightenment
 F - a potion of magic
 M - 3 potions of mutation {!q}
 O - 2 potions of berserk rage
Miscellaneous
 q - a tin of tremorstones (inert)
 s - a phantom mirror
 S - a phial of floods


   Skills:
 + Level 15.5 Fighting
 - Level 10.1 Short Blades
 + Level 18.6 Ranged Weapons
 + Level 10.8 Armour
 + Level 14.1 Dodging
 - Level 10.0 Stealth
 - Level 2.0 Spellcasting
 - Level 2.0 Hexes
 - Level 2.0 Translocations
 - Level 14.0 Invocations
 - Level 13.0 Evocations


You had 17 spell levels left.
You knew the following spells:

 Your Spells              Type           Power      Damage    Failure   Level
a - Dimensional Bullseye  Hex/Tloc       2%         N/A       85%         4

Your spell library contained the following spells:

 Spells                   Type           Power      Damage    Failure   Level
 Freeze                   Ice            4%         1d3       36%         1
 Kiss of Death            Conj/Necr      4%         2d5       36%         1
 Magic Dart               Conj           4%         1d3       36%         1
 Summon Small Mammal      Summ           4%         N/A       36%         1
 Ensorcelled Hibernation  Hex/Ice        6%         N/A       36%         2
 Momentum Strike          Conj/Tloc      6%         3d8       36%         2
 Confusing Touch          Hex            5%         N/A       43%         3
 Tukima's Dance           Hex            5%         N/A       43%         3
 Searing Ray              Conj           2%         2d4       50%         2
 Sublimation of Blood     Necr           1%         N/A       50%         2
 Call Canine Familiar     Summ           1%         N/A       73%         3
 Frozen Ramparts          Ice            2%         1d1       73%         3
 Fugue of the Fallen      Necr           1%         N/A       73%         3
 Hailstorm                Conj/Ice       1%         3d5       73%         3
 Ozocubu's Armour         Ice            1%         N/A       73%         3
 Manifold Assault         Tloc           5%         N/A       85%         4
 Anguish                  Hex/Necr       1%         N/A       94%         4
 Iskenderun's Mystic Bla  Conj/Tloc      3%         2d3       94%         4
 Animate Dead             Necr           1%         N/A       98%         4
 Dispel Undead            Necr           1%         3d6       98%         4
 Fulminant Prism          Conj/Alch      0%         3d5       98%         4
 Petrify                  Alch/Erth      1%         N/A       98%         4
 Sticky Flame             Fire/Alch      1%         2d4       98%         4
 Summon Blazeheart Golem  Fire/Summ      1%         N/A       98%         4
 Alistair's Intoxication  Alch           0%         N/A       100%        5
 Borgnjor's Vile Clutch   Necr/Erth      0%         N/A       100%        5
 Irradiate                Conj/Alch      0%         3d11      100%        5
 Metabolic Englaciation   Hex/Ice        1%         N/A       100%        5
 Yara's Violent Unravell  Hex/Alch       1%         3d3       100%        5
 Eringya's Noxious Bog    Alch           0%         4d6       100%        6
 Sculpt Simulacrum        Ice/Alch       0%         N/A       100%        6
 Haunt                    Necr/Summ      0%         N/A       100%        7
 Ozocubu's Refrigeration  Ice            0%         4d7       100%        7
 Infestation              Necr           0%         N/A       100%        8
 Polar Vortex             Ice            0%         N/A       100%        9


Dungeon Overview and Level Annotations

Branches:
Dungeon (15/15)            Temple (1/1) D:4            Lair (5/5) D:11
 Shoals (4/4) Lair:2       Spider (3/4) Lair:2        Slime (0/5) Lair:5
    Orc (2/2) D:9             Elf (0/3) Orc:2        Vaults (0/5) D:14
 Depths (0/4) D:15        Gauntlet (visited)

Altars:
Ashenzari
Cheibriados
Dithmenos
Elyvilon
Fedhas
Gozag
Hepliaklqana
Kikubaaqudgha
Makhleb
Nemelex Xobeh
Okawaru
Qazlal
Ru
Sif Muna
Trog
Uskayaw
Vehumet
Wu Jian
Xom
Yredelemnul
Zin
The Shining One
Lugonu

Shops:
D:9 (   Orc:1 *   Orc:2 [::[   Shoals:3 =   Shoals:4 [

Portals:
Abyss: Lair:5
Trove: D:13 (give 16 potions of curing)

Annotations:
D:7 exclusion: 2 doors, Gruesome's ghost, journeyman OnGl
D:13 trove need flight, exclusion: downstairs
D:14 2 transporters, exclusions: 2 doors and tengu reaver, Anay's ghost, journeyman FoFi
D:15 exclusion: fire giant
Shoals:3 exclusions: 3 merfolk and merfolk impaler
Shoals:4 exclusion: upstairs
Spider:1 Aizul; Mlioglotl


Innate Abilities, Weirdness & Mutations

You are small and have problems with some larger weapons.
You are completely attuned to the shadows.


Message History

The jumping spider pounces on you.
* * * LOW HITPOINT WARNING * * *
The jumping spider misses you.
The wolf spider simulacrum barely misses you.
The wolf spider simulacrum bites you but does no damage.
The jumping spider pounces on you but does no damage.
The jumping spider closely misses you. The jumping spider barely misses you.
The jumping spider completely misses you.
The web tears apart.
The jumping spider closely misses you.
The jumping spider completely misses you.
The wolf spider simulacrum hits you but does no damage.
The wolf spider simulacrum closely misses you.
The jumping spider completely misses you. x4
The culicivora simulacrum completely misses you.
The wolf spider simulacrum completely misses you.
The wolf spider simulacrum closely misses you.
The jumping spider leaps!
The jumping spider attacks as it pursues you!
The jumping spider pounces on you!
* * * LOW HITPOINT WARNING * * *
The jumping spider misses you.
The wolf spider simulacrum attacks as it pursues you!
The wolf spider simulacrum hits you.
* * * LOW HITPOINT WARNING * * *
The wolf spider simulacrum freezes you!!
* * * LOW HITPOINT WARNING * * *
The wolf spider simulacrum completely misses you.
The jumping spider's many legs skitter faintly.
There is a stone staircase leading up, spattered with blood here.
The jumping spider closely misses you.
The jumping spider completely misses you. x3
The wolf spider simulacrum hits you!
* * * LOW HITPOINT WARNING * * *
The wolf spider simulacrum freezes you!!
* * * LOW HITPOINT WARNING * * *
The wolf spider simulacrum bites you but does no damage.
The culicivora simulacrum closely misses you.
The jumping spider pounces on you!
You die...
Fedhas appreciates your contribution to the ecosystem.

# #####. ## #....# ##.
#....### ##..
##(.Z..)#########...
#.s@s.....Z†.§ZP..†P
###.s^Z...####†.Z.....
#.........# ###....>†
##........# #^.....
##.......# #......
#.......# #......
##......# ##.....
#......# ######
#..#####


You could see 3 jumping spiders, a wolf spider simulacrum and a culicivora
simulacrum.

Vanquished Creatures
  A kraken (Shoals:4)
  Kirke (Lair:3)
  Roxanne (Shoals:1)
  2 emperor scorpions (Spider:2)
  A stone giant (D:14)
  A formless jellyfish (Shoals:4)
  Nessos (D:15)
  A minotaur (Gauntlet)
  A spark wasp (Spider:1)
  4 merfolk javelineers (Shoals:4)
  5 merfolk impalers
  An entropy weaver (Spider:2)
  3 vault guards
  2 ghost crabs (Spider:2)
  2 hydras
  4 merfolk aquamancers
  5 boulder beetles
  An ironbound frostheart (D:14)
  4 merfolk avatars
  10 centaur warriors
  A two-headed ogre (D:14)
  A catoblepas (Lair:5)
  3 satyrs
  3 death yaks (Lair:3)
  3 tengu warriors
  2 demonic crawlers
  9 skysharks
  2 thrashing horrors (Lair:5)
  A pharaoh ant (Spider:3)
  11 sea snakes
  The ghost of ILmort the Zephyrmancer, a novice TeAE of Yredelemnul (D:6)
  6 orb spiders
  2 steelbarb worms (Spider:3)
  4 orc knights
  24 harpies
  An orc sorcerer (Orc:1)
  A deep elf pyromancer (D:14)
  13 cyclopes
  7 wolf spiders
  16 ugly things
  12 manticores
  14 fauns
  9 elephants
  3 kobold blastminers (Orc:2)
  6 water nymphs (Shoals:4)
  8 merfolk sirens
  A guardian serpent (shapeshifter) (Lair:5)
  2 black mambas
  3 torpor snails
  A cane toad (shapeshifter) (Lair:5)
  2 large abominations (Lair:5)
  10 cane toads
  4 komodo dragons
  A rime drake (Lair:4)
  A yaktaur (D:15)
  2 freezing wraiths (D:14)
  An ice devil (Gauntlet)
  2 trolls
  6 wind drakes
  25 merfolk
  A polar bear (Lair:3)
  11 tarantellas
  Grinder (D:5)
  7 tyrant leeches
  8 dream sheep
  15 blink frogs (Lair:5)
  2 raiju (Lair:5)
  10 jumping spiders
  12 snapping turtles
  Sigmund (D:5)
  3 centaur simulacra (Gauntlet)
  9 slime creatures
  10 small abominations (Lair:5)
  3 shadows
  10 culicivoras
  7 basilisks
  19 water elementals
  A spriggan (Lair:5)
  A human (shapeshifter) (D:12)
  66 yaks
  2 vampires
  5 wyverns
  A fire elemental (Spider:1)
  A warg (Orc:2)
  5 hogs (Lair:3)
  A human (D:14)
  14 redbacks
  A steam dragon (D:8)
  5 chaos spawn (Lair:5)
  Menkaure (D:4)
  14 vampire mosquitoes
  5 acid dragons
  2 swamp worms (Gauntlet)
  20 water moccasins
  An ice beast (D:5)
  A meliai simulacrum (Gauntlet)
  30 orc warriors
  2 black bears (D:5)
  2 laughing skulls (D:13)
  6 wolves
  5 ogres
  25 centaurs
  A phantom (D:9)
  A weeping skull (D:6)
  Blork the orc (D:6)
  3 kobold brigands
  13 bullfrogs
  2 scorpions
  2 earth elementals (D:14)
  16 wights
  A hornet simulacrum (Gauntlet)
  4 killer bees (D:11)
  A troll zombie (D:9)
  3 vampire bats (D:3)
  2 howler monkeys
  3 bombardier beetles
  A hound (D:7)
  3 jellies
  9 orc priests
  2 gnoll boudas
  Crazy Yiuf (D:2)
  Natasha (thrice) (D:2)
  5 iguanas
  20 orc wizards
  11 hell rats
  Ijyb (D:3)
  6 ogre zombies (D:9)
  17 gnolls
  7 adders
  11 river rats (Lair:1)
  2 shadow imps
  5 white imps
  A ribbon worm (D:4)
  10 dart slugs
  57 orcs
  6 bats
  2 bat skeletons (D:3)
  5 bat zombies (D:3)
  8 endoplasms
  7 giant cockroaches
  3 gnoll zombies (D:9)
  8 goblins
  7 hobgoblins
  3 jackals
  20 kobolds
  12 quokkas
  14 ball pythons
  2 frilled lizards
  4 gnoll skeletons (D:9)
  An orc skeleton (D:9)
  13 orc zombies (D:9)
  16 rats
  A spectral orc (D:6)
978 creatures vanquished.

Vanquished Creatures (collateral kills)
  Jorgrun (Shoals:3)
  Louise (D:14)
  A merfolk impaler (Shoals:3)
  A merfolk javelineer (Shoals:4)
  A boulder beetle (D:15)
  A radroach (Spider:3)
  Amaemon (Lair:1)
  A skyshark (Lair:5)
  2 sea snakes
  A harpy (Shoals:4)
  A wolf spider (Spider:3)
  2 ugly things (D:14)
  A manticore (Shoals:4)
  An orange demon (Lair:1)
  8 merfolk
  A polar bear (Lair:5)
  A tarantella (Spider:2)
  3 dream sheep (Shoals:2)
  2 water elementals (Shoals:3)
  A hog (Lair:3)
  A water moccasin (Lair:3)
  17 ballistomycete spores
50 creatures vanquished.

Vanquished Creatures (others)
  An oklob plant (D:11)
  A merfolk siren (Shoals:2)
  A redback (Spider:2)
  2 water moccasins (D:11)
  An oklob sapling (D:11)
  A sleepcap (D:4)
  A hell rat (Lair:5)
  An adder (D:11)
  3 ball pythons (D:11)
  A ballistomycete spore (Shoals:4)
  20 tentacles (Shoals:4)
33 creatures vanquished.

Grand Total: 1061 creatures vanquished

Notes
Turn   | Place    | Note
-------+----------+-------------------------------------------
     0 | D:1      | seren the Kobold Hunter began the quest for the Orb.
     0 | D:1      | Reached XP level 1. HP: 12/12 MP: 1/1
    84 | D:1      | Reached XP level 2. HP: 18/18 MP: 2/2
   508 | D:1      | Reached XP level 3. HP: 22/22 MP: 3/3
   760 | D:1      | Reached skill level 1 in Evocations
  1349 | D:2      | Reached XP level 4. HP: 27/27 MP: 4/4
  1360 | D:2      | Identified the +4 robe of Noce {Dex+3}
  1449 | D:2      | Reached skill level 6 in Ranged Weapons
  1499 | D:2      | Noticed Natasha
  1503 | D:2      | Killed Natasha
  1564 | D:2      | Found a sparkling altar of Nemelex Xobeh.
  1701 | D:2      | Noticed Natasha
  1706 | D:2      | Killed Natasha
  1707 | D:2      | Reached XP level 5. HP: 21/32 MP: 5/5
  1864 | D:2      | Noticed Natasha
  1866 | D:2      | Killed Natasha
  1888 | D:2      | Found a runed translucent door.
  1891 | D:2      | Noticed Crazy Yiuf
  2349 | D:3      | Reached XP level 6. HP: 37/37 MP: 6/6
  2366 | D:3      | Found an ancient bone altar of Kikubaaqudgha.
  2386 | D:3      | Reached skill level 1 in Armour
  2724 | D:3      | Reached skill level 7 in Ranged Weapons
  2959 | D:3      | Reached XP level 7. HP: 41/41 MP: 7/7
  3018 | D:3      | Noticed Ijyb
  3452 | D:4      | Reached skill level 1 in Short Blades
  3511 | D:4      | Found a staircase to the Ecumenical Temple.
  3517 | Temple   | Entered the Ecumenical Temple
  3527 | Temple   | Became a worshipper of Fedhas Madash
  4219 | D:4      | Noticed Menkaure
  4350 | D:5      | Entered Level 5 of the Dungeon
  4395 | D:5      | Noticed Sigmund
  4659 | D:5      | Reached XP level 8. HP: 48/48 MP: 8/8
  4774 | D:5      | Reached * piety under Fedhas
  4775 | D:5      | Reached skill level 8 in Ranged Weapons
  4813 | D:5      | Identified the +4 hand axe of Naheadebuf {flame, Will+}
  4919 | D:5      | Noticed Grinder
  5062 | D:3      | Killed Ijyb
  5063 | D:3      | Reached skill level 1 in Invocations
  5295 | D:5      | Reached skill level 5 in Dodging
  5499 | D:5      | Killed Grinder
  5710 | D:5      | Reached skill level 5 in Fighting
  5868 | D:5      | Reached XP level 9. HP: 48/54 MP: 9/11
  6145 | D:6      | Noticed Blork the orc
  6261 | D:6      | Reached skill level 9 in Ranged Weapons
  6423 | D:4      | Killed Menkaure
  6531 | D:6      | Noticed ILmort's ghost (novice TeAE)
  6532 | D:6      | Found a large runed translucent door.
  6533 | D:6      | Found a large runed translucent door.
  6657 | D:6      | Reached ** piety under Fedhas
  6974 | D:6      | Killed Blork the orc
  7511 | D:6      | Reached skill level 5 in Stealth
  7588 | D:6      | Reached skill level 5 in Short Blades
  7708 | D:6      | Reached skill level 5 in Evocations
  7942 | D:7      | Reached XP level 10. HP: 60/60 MP: 13/13
  8301 | D:6      | Reached *** piety under Fedhas
  8304 | D:6      | Found a basalt altar of Yredelemnul.
  8388 | D:7      | Reached skill level 10 in Ranged Weapons
  8446 | D:7      | Found a large runed translucent door.
  8447 | D:7      | Found a large runed translucent door.
  9009 | D:8      | Reached skill level 5 in Invocations
  9506 | D:8      | Found an iron altar of Okawaru.
 10067 | D:9      | Found Ridum's Weapon Shoppe.
 10137 | D:9      | You fall into a shaft and drop 1 floor!
 10137 | D:10     | Entered Level 10 of the Dungeon
 10458 | D:9      | Reached **** piety under Fedhas
 10487 | D:9      | Found a staircase to the Orcish Mines.
 11155 | D:10     | Found an ornate altar of the Wu Jian Council.
 11280 | D:10     | Identified the beast talisman of Trial and Error {rF-
                  | Str+5}
 12215 | D:11     | Reached XP level 11. HP: 68/68 MP: 15/15
 12240 | D:11     | Reached skill level 11 in Ranged Weapons
 12411 | D:11     | Found a staircase to the Lair.
 12670 | D:10     | Reached ***** piety under Fedhas
 12891 | D:11     | Noticed a manticore
 12923 | D:11     | Killed a manticore
 13103 | D:11     | Killed an oklob plant
 13169 | D:11     | Noticed a boulder beetle
 13191 | D:11     | Killed a boulder beetle
 13521 | D:11     | Noticed a cyclops
 14381 | Lair:1   | Entered Level 1 of the Lair of Beasts
 14648 | Lair:1   | Reached skill level 12 in Ranged Weapons
 14836 | Lair:1   | Noticed a boulder beetle
 14952 | Lair:1   | Reached XP level 12. HP: 75/75 MP: 17/17
 14959 | Lair:1   | Noticed Amaemon
 15000 | Lair:1   | Killed Amaemon
 15095 | Lair:1   | Reached skill level 10 in Dodging
 16318 | Lair:2   | Noticed an eight-headed hydra
 16449 | Lair:2   | Killed an eight-headed hydra
 16643 | Lair:2   | Noticed a skyshark
 16661 | Lair:1   | Killed a skyshark
 16742 | Lair:2   | Identified the +1 leather armour of Odoatrir {rN+ Str+3}
 16876 | Lair:1   | Reached skill level 13 in Ranged Weapons
 16940 | Lair:2   | Reached skill level 10 in Fighting
 16940 | Lair:2   | Reached XP level 13. HP: 74/82 MP: 19/19
 16967 | Lair:2   | Got Ecamis's Enchiridion on Inflammable Ice
 17203 | Lair:2   | Found a staircase to the Shoals.
 17529 | Lair:3   | Noticed a four-headed hydra
 17887 | Lair:2   | Reached ****** piety under Fedhas
 18019 | Lair:3   | Identified a scroll of acquirement
 18020 | Lair:3   | Acquired a manual of Fire Magic
 18446 | Lair:3   | Noticed Kirke
 19490 | Lair:4   | Reached skill level 10 in Invocations
 19616 | Lair:4   | Reached skill level 10 in Short Blades
 20100 | Lair:5   | Entered Level 5 of the Lair of Beasts
 20461 | D:2      | Killed Crazy Yiuf
 20466 | D:2      | Identified the +7 hammer "Beastslayer" {heavy, Will+}
 20633 | D:5      | Killed Sigmund
 20698 | D:6      | Killed ILmort's ghost
 20770 | D:7      | Noticed Gruesome's ghost (journeyman OnGl)
 20871 | Orc:1    | Entered Level 1 of the Orcish Mines
 21250 | Orc:2    | Entered Level 2 of the Orcish Mines
 21268 | Orc:1    | Reached skill level 14 in Ranged Weapons
 21285 | Orc:2    | Found a staircase to the Elven Halls.
 21404 | Orc:2    | Reached XP level 14. HP: 58/90 MP: 21/21
 21925 | Orc:2    | Reached skill level 5 in Armour
 22118 | Orc:2    | Found Wacitox's Book Shop.
 22118 | Orc:2    | Found Ypsiots's Book Shoppe.
 22118 | Orc:2    | Found Turouw's Antique Armour Emporium.
 22119 | Orc:2    | Found Fosk's Antique Armour Boutique.
 22135 | Orc:2    | Bought a heavily runed leather armour for 196 gold pieces
 22135 | Orc:2    | Identified the +3 leather armour of the Demon Prince {rPois
                  | Str+3 Int-3} (You bought it in a shop on level 2 of the
                  | Orcish Mines)
 22482 | Orc:2    | Bought a runed leather armour for 140 gold pieces
 22581 | Orc:1    | Found Alunosch's Gadget Gallery.
 22589 | Orc:1    | Bought a phantom mirror for 520 gold pieces
 22939 | Lair:5   | Identified the +2 robe "Jempytze" {Regen+ Dex+2 Slay+3}
 23541 | Lair:5   | Found a staircase to the Slime Pits.
 24407 | Lair:5   | Reached skill level 15 in Ranged Weapons
 24418 | Lair:5   | Found a corrupted altar of Lugonu.
 24421 | Lair:5   | Found a one-way gate to the infinite horrors of the Abyss.
 24730 | Shoals:1 | Entered Level 1 of the Shoals
 24738 | Shoals:1 | Learned a level 4 spell: Dimensional Bullseye
 24964 | Lair:2   | Reached XP level 15. HP: 68/96 MP: 22/22
 24989 | Lair:2   | Found a hole to the Spider Nest.
 24995 | Spider:1 | Entered Level 1 of the Spider Nest
 25053 | Spider:1 | Noticed Mlioglotl
 26977 | D:13     | Found a portal to a secret trove of treasure.
 27626 | D:14     | Noticed Louise
 28115 | Shoals:1 | Reached skill level 10 in Evocations
 28322 | Shoals:1 | Noticed Roxanne
 29259 | Shoals:1 | Reached XP level 16. HP: 103/103 MP: 21/24
 29791 | Shoals:2 | Identified the +2 hand axe "Yrphanof" {elec, rN+ rCorr
                  | Int+2}
 29802 | Shoals:2 | Reached skill level 16 in Ranged Weapons
 30463 | Shoals:4 | Entered Level 4 of the Shoals
 30707 | Shoals:2 | Acquired the ring "Diunith" {rElec AC+4}
 30900 | Shoals:3 | Noticed Jorgrun
 30944 | Shoals:3 | Killed Jorgrun
 31091 | Shoals:3 | Reached skill level 10 in Stealth
 31709 | Shoals:3 | Identified the +3 scimitar of Aranuppiqo {heavy, Stlth+}
 31765 | Shoals:3 | Found Qobbeire's Jewellery Shop.
 31982 | Shoals:4 | Got the Collected Works on Fateful Conflict
 32215 | Shoals:4 | Reached XP level 17. HP: 97/109 MP: 26/26
 32698 | D:14     | Identified the +11 dagger "Leviticus" {elec, Str+6 Int+3}
 32705 | D:14     | Noticed a tengu reaver
 32748 | D:14     | Killed Louise
 32805 | D:14     | Found a transporter.
 32805 | D:14     | Noticed Anay's ghost (journeyman FoFi)
 32809 | D:14     | Found a transporter.
 32914 | D:14     | Reached skill level 10 in Armour
 33000 | D:14     | Reached skill level 17 in Ranged Weapons
 33122 | D:14     | Found an opulent altar of Gozag.
 33987 | D:14     | Found a gate to the Vaults.
 34129 | D:15     | Entered Level 15 of the Dungeon
 34139 | D:15     | Found a snail-covered altar of Cheibriados.
 34159 | D:15     | Found a staircase to the Depths.
 34206 | D:15     | Found a gate leading to a gauntlet.
 34219 | Gauntlet | Entered a Gauntlet
 34219 | Gauntlet | Found a transporter.
 34219 | Gauntlet | Found a transporter.
 34235 | Gauntlet | Found a transporter.
 34243 | Gauntlet | Found a transporter.
 34265 | Gauntlet | Found a transporter.
 34272 | Gauntlet | Found a transporter.
 34360 | Gauntlet | Found a transporter.
 34368 | Gauntlet | Found a transporter.
 34390 | Gauntlet | Found a transporter.
 34400 | Gauntlet | Found a transporter.
 34502 | Gauntlet | Found a transporter.
 34502 | Gauntlet | Found a transporter.
 34527 | Gauntlet | Found a transporter.
 34541 | Gauntlet | Found a transporter.
 34563 | Gauntlet | Found a transporter.
 34577 | Gauntlet | Found a transporter.
 34775 | Gauntlet | Identified the +0 helmet of Transparent Awe {Str+3}
 34825 | Gauntlet | Identified the amulet of the Nine Hells {RegenMP Harm rElec
                  | rN++ Str-2}
 35581 | D:15     | Noticed Nessos
 35598 | D:15     | Killed Nessos
 35840 | D:15     | Identified the +0 chain mail of Dishonour {rCorr MP+9 Dex-4
                  | SInv}
 36380 | Shoals:4 | Found Juno's Antique Armour Emporium.
 36393 | Shoals:4 | Bought a masterwork scale mail for 387 gold pieces
 36393 | Shoals:4 | Identified the +3 scale mail "Emucros" {rN+ Will+ SInv}
                  | (You bought it in a shop on level 4 of the Shoals)
 36393 | Shoals:4 | Bought a transparent ring mail for 387 gold pieces
 36393 | Shoals:4 | Identified the +4 ring mail "Jyfoom" {Dex+4} (You bought it
                  | in a shop on level 4 of the Shoals)
 36492 | Shoals:4 | Paralysed by a formless jellyfish for 1 turns
 36925 | Shoals:4 | Reached skill level 18 in Ranged Weapons
 37467 | Shoals:4 | Identified the ring of Rang {rN+ Int+6}
 37567 | Shoals:4 | Noticed a kraken
 37597 | Shoals:4 | Reached XP level 18. HP: 31/117 MP: 14/27
 38314 | Shoals:4 | Killed a kraken
 38315 | Shoals:4 | Reached skill level 15 in Fighting
 38324 | Shoals:4 | Got a barnacled rune of Zot
 38659 | Shoals:1 | Killed Roxanne
 39022 | Lair:3   | Killed Kirke
 39488 | Spider:1 | Identified the serpent talisman of Darkness {Dex+3}
 39488 | Spider:1 | Noticed Aizul
 40591 | Spider:2 | Reached skill level 1 in Spellcasting
 40591 | Spider:2 | Reached skill level 1 in Translocations
 40659 | Spider:2 | Reached skill level 1 in Hexes
 41520 | Spider:3 | Slain by a jumping spider

Illustrated notes

Levels and vault maps discovered:
D:1:      erik_arrival_triangle_small, layout_basic
D:2:      layout_basic, basic_altar, nicolae_grassy_gnolls,
          uniq_crazy_yiuf_cottage, uniq_natasha
D:3:      layout_loops_ring, kennysheep_vampire_church, uniq_ijyb
D:4:      kennysheep_slugbush, layout_basic, temple_statues, uniq_menkaure
D:5:      layout_loops_ring, moated_statue, uniq_grinder, uniq_sigmund
D:6:      layout_rooms, yredelemnul_forgotten_temple_becter,
          ebering_ghost_disaster_area, uniq_blork_the_orc
D:7:      layout_loops_ring, ebering_ghost_disaster_area
D:8:      layout_basic, okawaru_metal_pillars_3
D:9:      layout_irregular_city, zombieorc2_lemuel, serial_shops,
          nicolae_shop_crystal
D:10:     layout_layer_cave, nicolae_wu_jian_wuxing_cycle,
          hangedman_abyss_or_decor_lesser_grid
D:11:     layout_irregular_city, minmay_lair_entry_grove,
          introduction_to_nature_1
D:12:     layout_gridville
D:13:     layout_small_grid, nicolae_trove_entry_isolated, grunt_ministairs_9
D:14:     layout_rooms, hellmonk_vaults_keyhole, grunt_gozag_statues,
          gammafunk_ghost_arena, dilly_guarded_unrand_elemental_staff,
          uniq_louise
D:15:     grunt_enter_depths_giant_problem, layout_cave_pods, serial_rivers,
          chequers_serial_rivers_micro_c, chequers_serial_rivers_micro_b,
          chequers_serial_rivers_micro_b, chequers_serial_rivers_small_3,
          chequers_serial_rivers_micro_b, chequers_serial_rivers_small_b,
          gauntlet_entry_generic, cheibriados_altar_1, uniq_nessos
Temple:   nicolae_temple_two_arcs
Lair:1:   lemuel_ratsnest, layout_regular_city, chequers_serial_rivers_micro_a,
          nzn_sisyphean_effort, grunt_megastairs_3, lemuel_fruit_fields,
          uniq_amaemon
Lair:2:   layout_misc_corridors, shoals_dummy_entry,
          spider_nest_entry_funnel_web, lemuel_fruit_fields
Lair:3:   layout_chaotic_city, lemuel_old_faithful, uniq_kirke
Lair:4:   layout_cave_shapes, infiniplex_staircase_pool_2
Lair:5:   hellmonk_lair_end_abyssal_woods, layout_gridlike,
          nicolae_slime_entry_field_trip
Shoals:1: layout_shoals, uniq_roxanne
Shoals:2: layout_shoals
Shoals:3: layout_shoals, serial_shops, nicolae_diamond_shop, uniq_jorgrun
Shoals:4: shoals_end_hangedman, layout_shoals, serial_shops,
          nicolae_shop_overgrown_old_shop
Spider:1: layout_cave_pods, uniq_azrael, uniq_mlioglotl, uniq_aizul
Spider:2: layout_cave_pods, nicolae_spider_swamp_cousins
Spider:3: layout_cave_pods
Orc:1:    layout_caves, nicolae_shop_gadgets
Orc:2:    st_orc_rangers, layout_caves, lemuel_statue_altar

Skill      XL: |  1  2  3  4  5  6  7  8  9 10 11 12 13 14 15 16 17 18 |
---------------+-------------------------------------------------------+-----
Stealth        | 2 3 4 5 6 8 9 10 | 10.0
Evocations     | 1 2 3 5 6 7 9 10 11 12 13 | 13.0
Dodging        | 3 4 5 6 8 9 10 11 12 13 14 | 14.1
Ranged Weapons | 6 7 8 9 10 12 13 14 15 16 18 | 18.6
Fighting       | 3 4 5 6 7 8 10 11 12 13 14 15 | 15.5
Armour         | 1 2 4 6 8 9 10 | 10.8
Short Blades   | 2 4 5 7 8 10 | 10.1
Invocations    | 2 4 5 7 8 10 11 12 13 14 | 14.0
Spellcasting   | 2 |  2.0
Translocations | 2 |  2.0
Hexes          | 2 |  2.0

Action                     |  1- 3 |  4- 6 |  7- 9 | 10-12 | 13-15 | 16-18 || total
---------------------------+-------+-------+-------+-------+-------+-------++-------
  Melee: Dagger            |       |    16 |   147 |   281 |    28 |   170 ||   642
         Punch             |       |       |     1 |     3 |       |     5 ||     9
         Rapier            |       |       |       |       |       |     2 ||     2
   Fire: Shortbow          |    84 |   134 |   389 |   825 |  1770 |  1381 ||  4583
         Arbalest          |       |       |       |       |       |   265 ||   265
 Invoke: Grow Oklob        |       |       |       |     2 |     1 |    13 ||    16
         Grow Ballistomyce |       |       |       |     1 |     2 |     4 ||     7
         Wall of Briars    |       |       |       |       |     1 |    26 ||    27
  Evoke: Wand              |       |       |       |    10 |       |     8 ||    18
         Phantom mirror    |       |       |       |       |     2 |     2 ||     4
         Phial of floods   |       |       |       |       |       |     1 ||     1
         Tin of tremorston |       |       |       |       |       |     2 ||     2
    Use: Scroll            |       |       |     5 |    17 |    15 |    13 ||    50
         Potion            |       |       |     1 |     5 |     5 |    14 ||    25
   Stab: Sleeping          |       |       |     3 |     5 |     2 |     1 ||    11
         Paralysed         |       |       |       |     3 |       |     2 ||     5
         Distracted        |       |       |       |     1 |       |       ||     1
 Armour: Leather armour    |    17 |       |       |       |   250 |   557 ||   824
         Robe              |       |    57 |    78 |   247 |   122 |       ||   504
         Skin              |       |       |       |       |       |     7 ||     7
  Dodge: Dodged            |    33 |    80 |   245 |   875 |  1196 |  1442 ||  3871

Table legend: (Time is in decaauts)
 A = Elapsed time spent in this place.
 B = Non-inter-level travel time spent in this place.
 C = Inter-level travel time spent in this place.
 D = Time resting spent in this place.
 E = Time spent auto-exploring this place.
 F = Levels seen in this place.
 G = Mean time per level.
                   A        B        C        D        E       F      G
               +--------+--------+--------+--------+--------+-----+--------+
         Total |  41083 |  36671 |   4412 |   3167 |  14940 |  31 | 1325.3 |
       Dungeon |  20649 |  17989 |   2660 |   1193 |   9232 |  15 | 1376.6 |
        Temple |     20 |     20 |      0 |      0 |      0 |   1 |   20.0 |
          Lair |   8043 |   7032 |   1011 |    534 |   2642 |   5 | 1608.6 |
        Shoals |   7312 |   6875 |    437 |   1081 |   1415 |   4 | 1828.0 |
   Spider Nest |   2512 |   2356 |    156 |    251 |    564 |   3 |  837.3 |
  Orcish Mines |   1784 |   1638 |    146 |     49 |    706 |   2 |  892.0 |
      Gauntlet |    760 |    760 |      0 |     58 |    378 |   1 |  760.0 |
               +--------+--------+--------+--------+--------+-----+--------+

Top non-repeatable levels by time:
Shoals:4: 2544 daAuts
    D:11: 2521 daAuts
  Lair:1: 2099 daAuts
Shoals:3: 2005 daAuts
     D:5: 1984 daAuts
  Lair:3: 1810 daAuts
  Lair:2: 1653 daAuts
  Lair:5: 1559 daAuts
Spider:2: 1512 daAuts
Shoals:1: 1435 daAuts
     D:6: 1434 daAuts
    D:13: 1388 daAuts
    D:10: 1359 daAuts
     D:9: 1356 daAuts
    D:14: 1345 daAuts
